 Dungeon Crawl Stone Soup version 0.29.1-1-gd02db6906a (webtiles) character file.

Game seed: 15206054620663663583

1356 cdecastro the Insei (level 8, -3/52 HPs)
             Began as a Djinni Transmuter on Oct 3, 2022.
             Slain by a river rat (9 damage)
             ... in a sewer.
             The game lasted 00:19:19 (10209 turns).

cdecastro the Insei (Djinni Transmuter)            Turns: 10209, Time: 00:19:19

Health: -3/52      AC:  2    Str:  9    XL:     8   Next: 95%
Gold:   106        EV: 19    Int: 17    God:
                   SH:  0    Dex: 19

rFire   . . .      SeeInvis .     - Unarmed
rCold   . . .      Faith    .   (shield currently unavailable)
rNeg    + . .      Spirit   .   (body armour currently unavailable)
rPois   ∞          Reflect  .   (helmet currently unavailable)
rElec   .          Harm     .   (cloak currently unavailable)
rCorr   .          Rampage  .   (gloves currently unavailable)
Will    .....                   (boots unavailable)
Stlth   ++........              (no amulet)
HPRegen 0.17/turn               e - ring of positive energy
MPRegen 0.00/turn               (no ring)

@: spider-form, flying
A: venomous fangs, flying, sickness immunity, tiny, (fire resistance 2), (cold
vulnerability 1), float, innate caster, HP casting, extra vitality 1
a: End Transformation


You were in a sewer.
You were a venomous arachnid creature.
You visited 2 branches of the dungeon, and saw 6 of its levels.
You also visited: Sewer.

You collected 215 gold pieces.
You spent 109 gold pieces at shops.

Inventory:

Missiles
 c - 33 stones
 d - 4 poisoned darts
 n - 4 boomerangs of dispersal
 t - a boomerang
Armour
 a - a +0 robe
 h - a +0 leather armour
 i - a +0 ring mail
 j - a scarf of invisibility (melded)
 m - a +0 helmet
 q - a +2 animal skin (melded)
Jewellery
 e - a ring of positive energy (left front leg)
Wands
 r - a wand of acid (3)
 B - a wand of polymorph (13)
Scrolls
 g - 2 scrolls of teleportation
 k - 2 scrolls of fog {unknown}
 l - 4 scrolls of brand weapon
 o - a scroll of silence {unknown}
 p - a scroll of enchant armour {unknown}
 v - 2 scrolls of vulnerability
 x - 2 scrolls of noise
 y - a scroll of amnesia {unknown}
 z - 2 scrolls of poison {unknown}
 C - a scroll of enchant weapon {unknown}
 D - a scroll of blinking {unknown}
 E - a scroll of immolation {unknown}
Potions
 b - a potion of lignification
 f - 3 potions of attraction
 s - a potion of brilliance
 u - a potion of heal wounds
 w - a potion of invisibility
 A - a potion of resistance
 F - a potion of mutation {unknown}
 G - a potion of might {unknown}


   Skills:
 - Level 1.0 Fighting
 - Level 2.1 Dodging
 + Level 6.8 Unarmed Combat
 * Level 6.5 Spellcasting


You had 5 spell levels left.
You knew the following spells:

 Your Spells              Type           Power      Damage    Failure   Level
a - Beastly Appendage     Tmut           54%        N/A       4%          1
b - Wereblood             Tmut           27%        N/A       6%          2
c - Spider Form           Tmut/Pois      27%        N/A       10%         3
d - Ice Form              Ice/Tmut       27%        N/A       22%         4
e - Slow                  Hex            100%       N/A       4%          1
f - Searing Ray           Conj           54%        2d6       6%          2
g - Passwall              Tmut/Erth      22%        N/A       6%          2
Your spell library was empty.

Dungeon Overview and Level Annotations

Branches:
Dungeon (5/15)             Temple (1/1) D:4           Sewer (1/1)

Altars:
Ashenzari
Cheibriados
Dithmenos
Elyvilon
Fedhas
Gozag
Hepliaklqana
Nemelex Xobeh
Okawaru
Qazlal
Ru
Trog
Uskayaw
Xom
Zin
The Shining One

Shops:
D:3 *

Annotations:
D:2 1 runed translucent door, Crazy Yiuf


Innate Abilities, Weirdness & Mutations

You are a venomous arachnid creature.
You have poisonous fangs.
You are tiny and dextrous.
You are flying.
Your spellcasting is less reliable in this form.
Your armour is entirely melded.
You are incapable of wielding weapons or throwing items.
You are immune to sickness and miasma.
You are immune to poison.
((Your flesh is very heat resistant. (rF++)))
((You are vulnerable to cold. (rC-)))
You float through the air rather than walking.
You learn spells naturally, not from books.
Your magical power is your life essence.
You have superior vitality. (+4 MHP)


Message History

You turn into a venomous arachnid creature.
Your scarf of invisibility melds into your body.
Your +2 animal skin melds into your body.
The river rat misses you.
Unknown command.
You hit the river rat but do no damage.
The river rat is poisoned.
The river rat closely misses you. x2
You hit the river rat but do no damage.
The river rat is poisoned.
The river rat closely misses you. The river rat barely misses you.
The river rat bites you. The river rat closely misses you.
You completely miss the river rat.
The river rat is lightly wounded.
The river rat bites you. The river rat misses you.
The river rat barely misses you. x2
You are too injured to fight recklessly!
You are too injured to fight recklessly!
You hit the river rat.
The river rat is poisoned.
The river rat is heavily wounded.
The river rat bites you. x2; The river rat barely misses you.
The river rat misses you.
You hit the river rat.
You kill the river rat!
The river rat bites you!
* * * LOW HITPOINT WARNING * * *
The river rat barely misses you. The river rat bites you.
* * * LOW HITPOINT WARNING * * *
You hit the river rat but do no damage.
The river rat is poisoned.
You hit the river rat but do no damage.
The river rat looks as sick as possible!
The river rat is heavily wounded.
The river rat bites you.
* * * LOW HITPOINT WARNING * * *
The river rat bites you!
* * * LOW HITPOINT WARNING * * *
The river rat misses you. The river rat attacks as you move away!
The river rat completely misses you.
You kill the river rat!
The river rat misses you. The river rat attacks as you move away!
The river rat bites you!
You die...

#≈≈~# #~≈~##.'..'!##.≈~#
#≈≈~# #~≈~##.'..'.##~≈.#
#≈≈.# #~≈~##.#..#.##~≈~#
#≈≈~# #~≈~####..####~≈~#
#≈≈.# #.≈~# #..# #~≈~#
#≈≈~# #~≈~####..# ##~≈~#
#≈≈~# #.≈.##.#†.#.##~≈~#
#≈≈~# #~≈~##.'.r†.##~≈~#
#≈≈~# #~≈.##.'sr'.##~≈.#
#≈≈~# #~≈~##.#..#.##.≈~#
#≈≈.# #.≈~####..####~≈~#
#≈≈~# #~≈~# #~~# #~≈~#
#≈≈~# #~≈~# #~.# #.≈~#
#≈≈~###~≈~####~~####~≈~#
#≈≈~~~†~.~~~~~~~~~~~~≈~#
#≈≈≈≈≈≈≈≈≈≈≈≈≈~~≈≈≈≈≈≈~#
#≈≈≈~~~~~~~..~~~~~~~~.~#


You could see 2 river rats.

Vanquished Creatures
  Pikel (D:4)
  A sky beast (D:5)
  A black bear (D:5)
  An ogre (D:4)
  2 centaurs
  2 lemures (D:4)
  A phantom (D:4)
  A jelly (D:4)
  An orc priest (D:3)
  2 iguanas (D:5)
  Robin (D:2)
  13 adders
  2 river rats (Sewer)
  An ufetubus (D:4)
  5 worms
  3 dart slugs
  12 orcs
  12 ball pythons
  9 bats
  9 endoplasms
  7 giant cockroaches
  14 goblins
  7 hobgoblins
  6 jackals
  10 quokkas
  6 frilled lizards
  6 kobolds
  3 rats
139 creatures vanquished.

Vanquished Creatures (others)
  4 withered plants (D:5)
4 creatures vanquished.

Grand Total: 143 creatures vanquished

Notes
Turn   | Place    | Note
-------+----------+-------------------------------------------
     0 | D:1      | cdecastro the Djinni Transmuter began the quest for the
                  | Orb.
     0 | D:1      | cdecastro set off with the following spells memorised:
                  | Beastly Appendage, Wereblood, Spider Form, Ice Form.
     0 | D:1      | Reached XP level 1. HP: 17/17 MP: 0/0
   485 | D:1      | Found a faded altar of an unknown god.
   506 | D:1      | Reached XP level 2. HP: 2/22 MP: 0/0
  1883 | D:1      | Reached XP level 3. HP: 24/27 MP: 0/0
  1883 | D:1      | Learned a level 1 spell: Slow
  3265 | D:2      | Reached XP level 4. HP: 25/32 MP: 0/0
  3423 | D:2      | Noticed Robin
  3800 | D:2      | Found a runed translucent door.
  3801 | D:2      | Noticed Crazy Yiuf
  4013 | D:2      | Killed Robin
  4412 | D:2      | Reached XP level 5. HP: 24/37 MP: 0/0
  4412 | D:2      | Learned a level 2 spell: Searing Ray
  4985 | D:3      | Noticed a centaur
  5002 | D:3      | Killed a centaur
  5469 | D:3      | Found a hide-covered altar of Uskayaw.
  5497 | D:3      | Reached XP level 6. HP: 42/42 MP: 0/0
  5659 | D:3      | Found an opulent altar of Gozag.
  5879 | D:3      | Found a sparkling altar of Nemelex Xobeh.
  5985 | D:3      | Found a sacrificial altar of Ru.
  6283 | D:3      | Found Pemig's Assorted Antiques.
  6295 | D:3      | Bought a scroll labelled TANYOM JAOD for 28 gold pieces
  6295 | D:3      | Bought a scroll labelled VOMIUCRY EFAKLU for 28 gold pieces
  6295 | D:3      | Bought a fuming amethyst potion for 25 gold pieces
  6307 | D:3      | Bought a scroll labelled TANYOM JAOD for 28 gold pieces
  7176 | D:4      | Noticed Pikel
  7199 | D:4      | Killed Pikel
  7200 | D:4      | Reached skill level 5 in Unarmed Combat
  7200 | D:4      | Reached skill level 5 in Spellcasting
  7200 | D:4      | Reached XP level 7. HP: 4/47 MP: 0/0
  7200 | D:4      | Learned a level 2 spell: Passwall
  7200 | D:4      | Reached XP level 8. HP: 4/52 MP: 0/0
  7503 | D:4      | Found a staircase to the Ecumenical Temple.
  7512 | Temple   | Entered the Ecumenical Temple
  8739 | D:5      | Entered Level 5 of the Dungeon
  8750 | D:5      | Found a broken altar of Ashenzari.
  9396 | D:5      | Found a glowing drain.
  9408 | Sewer    | Entered a sewer
 10209 | Sewer    | Slain by a river rat

Illustrated notes

Levels and vault maps discovered:
D:1:      evilmike_arrival_rings, layout_loops_corners,
          ebering_ecumenical_altar_abandoned, chequers_serial_rivers_micro_a,
          minmay_misc_feat_chi
D:2:      layout_loops_ring, hangedman_decor_lopped, uniq_crazy_yiuf_cottage,
          uniq_robin
D:3:      layout_loops_corners, grunt_gozag_breadcrumbs,
          mainiacjoe_overflow_alcove_4, mainiacjoe_overflow_tiny_flanked,
          nemelex_dance_club_becter, mainiacjoe_overflow_paths, serial_shops,
          shop
D:4:      layout_basic, minmay_temple_entry_poolview, uniq_pikel
D:5:      layout_gridville, evilmike_ruin_ashenzari,
          nicolae_wu_jian_wuxing_cycle, lightli_temple_of_fire,
          kiku_gazebo_garden_becter, cheibrodos_sewer_entry_sluice,
          uniq_eustachio
Temple:   minmay_freezing_vapour_temple
Sewer:    sewer_fruit_machine

Skill      XL: |  1  2  3  4  5  6  7  8 |
---------------+-------------------------+-----
Spellcasting   | 2 3 5 6 |  6.5
Unarmed Combat | 4 5 6 |  6.8
Fighting       | |  1.0
Dodging        | |  2.1

Action                   |  1- 3 |  4- 6 |  7- 9 || total
-------------------------+-------+-------+-------++-------
Melee: Unarmed           |   125 |   157 |   156 ||   438
       Headbutt          |    18 |    35 |    14 ||    67
       Punch             |     2 |     3 |     3 ||     8
 Cast: Beastly Appendage |    27 |    28 |    14 ||    69
       Slow              |       |     5 |     2 ||     7
       Wereblood         |       |     2 |     3 ||     5
       Searing Ray       |       |     8 |     2 ||    10
       Spider Form       |       |       |     7 ||     7
  Use: Scroll            |       |     7 |     2 ||     9
 Stab: Sleeping          |     2 |     2 |       ||     4
Armor: Robe              |    19 |     4 |       ||    23
       Leather armour    |       |     3 |       ||     3
       Ring mail         |       |     1 |       ||     1
       Animal skin       |       |    22 |    45 ||    67
       Skin              |       |       |     5 ||     5
Dodge: Dodged            |    74 |    84 |   161 ||   319
